 Dungeon Crawl Stone Soup version 0.31.0-9-g3a7656b989 (webtiles) character file.

Game seed: 11452120177891138252

39 qw the Shooter (level 3, -1/18 HPs)
             Began as a Spriggan Hunter on Feb 2, 2024.
             Slain by a black bear (3 damage)
             ... on level 3 of the Dungeon.
             The game lasted 00:00:04 (1407 turns).

qw the Shooter (Spriggan Hunter)                    Turns: 1407, Time: 00:00:05

Health: -1/18      AC:  2    Str:  7    XL:     3   Next: 28%
Magic:  4/4        EV: 19    Int: 10    God:
Gold:   48         SH:  0    Dex: 20    Spells: 2/2 levels left

rFire   . . .        a - +1 shortbow
rCold   . . .        (shield currently unavailable)
rNeg    . . .        c - +0 robe
rPois   .            (helmet restricted)
rElec   .            (no cloak)
rCorr   .            (gloves unavailable)
SInv    +            (boots unavailable)
Will    .....        (no amulet)
Stlth   ++           (no ring)
HPRegen 0.23/turn    (no ring)
MPRegen 0.09/turn

%: no passive effects
@: very quick
A: very small, no large weapons, unfitting armour, see invisible, speed 3
a: no special abilities


You were on level 3 of the Dungeon.
You visited 1 branch of the dungeon, and saw 3 of its levels.

You collected 48 gold pieces.


Innate Abilities, Weirdness & Mutations

You are very small and have problems with some larger weapons.
You are too small for most types of armour.
You have supernaturally acute eyesight. (SInv)
You cover ground extremely quickly. (Speed+++)


   Skills:
 - Level 1.5 Fighting
 + Level 4.6 Ranged Weapons
 - Level 4.0 Dodging
 - Level 1.5 Stealth


You had 2 spell levels left.
You didn't know any spells.
Your spell library was empty.

Inventory:

Hand Weapons
 a - a +1 shortbow (weapon)
Armour
 c - a +0 robe (worn)
Scrolls
 i - 2 scrolls of revelation {unknown}
Potions
 b - a potion of mutation
 d - a potion of brilliance {unknown}
 e - a potion of heal wounds {unknown}
 f - a potion of berserk rage {unknown}
 g - a potion of haste {unknown}
 h - a potion of enlightenment {unknown}

Dungeon Overview and Level Annotations

Branches:
Dungeon (3/15)

Altars:


Message History

The black bear growls angrily.
The arrow hits the black bear.
The black bear is lightly wounded.
You shoot an arrow. The arrow hits the black bear.
The black bear is moderately wounded.
You shoot an arrow. The arrow hits the black bear.
The black bear is moderately wounded.
Found a scroll labelled NANLUA VEASKO.
The black bear barely misses you. The black bear claws you.
The black bear misses you.
You shoot an arrow. The arrow barely misses the black bear.
The black bear closely misses you. The black bear claws you.
The black bear barely misses you.
You shoot an arrow. The arrow barely misses the black bear.
The black bear completely misses you. The black bear claws you.
The black bear misses you.
You shoot an arrow. The arrow barely misses the black bear.
The black bear completely misses you. x2; The black bear misses you.
You shoot an arrow. The arrow hits the black bear.
The black bear is heavily wounded.
The black bear bites you. The black bear misses you.
The black bear closely misses you.
You shoot an arrow. The arrow hits the black bear.
The black bear is severely wounded.
The black bear closely misses you. The black bear completely misses you.
The black bear closely misses you.
You shoot an arrow.
The arrow completely misses the black bear.
The black bear misses you. The black bear barely misses you.
The black bear claws you but does no damage.
You shoot an arrow.
The arrow closely misses the black bear.
The black bear closely misses you. The black bear completely misses you.
The black bear closely misses you. The black bear completely misses you.
The black bear misses you. The black bear completely misses you.
You shoot an arrow. The arrow barely misses the black bear.
The black bear closely misses you. The black bear claws you. x2
You shoot an arrow. The arrow hits the black bear.
The black bear is severely wounded.
The black bear misses you. The black bear claws you.
You die...

#.#####.#.#
###.#)##
##......#########
.................
####...#.#.#.#.#
#.............
##...#.#.#.#.#.#
##.............
#.##.#@#.#.#.
#.#..h......?. #
##.#.#.#.#.#
..........
..#.#.# #.#
......... ... ...
#>#.# #.# .. .+.
..


You could see a black bear.

Vanquished Creatures
  3 ball pythons
  6 bats
  An endoplasm (D:1)
  A giant cockroach (D:1)
  5 goblins
  6 hobgoblins
  A quokka (D:1)
  3 frilled lizards
  6 kobolds
  5 rats
37 creatures vanquished.

Notes
Turn   | Place    | Note
-------+----------+-------------------------------------------
     0 | D:1      | qw the Spriggan Hunter began the quest for the Orb.
     0 | D:1      | Reached XP level 1. HP: 10/10 MP: 2/2
     0 | D:1      | 0 ||| qw: Version: 0.3-a-155-g5e7d8dd
     0 | D:1      | 0 ||| qw: Game counter: 1368
     0 | D:1      | 0 ||| qw: Melee chars always use a shield: true
     0 | D:1      | 0 ||| qw: God list: Okawaru
     0 | D:1      | 0 ||| qw: Allow faded altars: false
     0 | D:1      | 0 ||| qw: Do Orc after clearing Dungeon:15 true
     0 | D:1      | 0 ||| qw: Do second Lair branch before Depths: true
     0 | D:1      | 0 ||| qw: Lair rune preference: random
     0 | D:1      | 0 ||| qw: Goals: Normal
     0 | D:1      | 0 ||| PLANNING D:1-11
    29 | D:1      | Reached skill level 3 in Dodging
    83 | D:1      | Reached XP level 2. HP: 14/14 MP: 3/3
   740 | D:1      | 740 ||| READING scroll labelled NIPLOI ROUTS.
   741 | D:1      | 741 ||| READING scroll labelled GOANID LAUC.
   741 | D:1      | 741 ||| ENCHANTING +0 shortbow.
   742 | D:1      | 742 ||| READING scroll labelled ZUQOW PEIGUI.
   743 | D:1      | 743 ||| DRINKING 2 smoky emerald potions.
   744 | D:1      | 744 ||| DROPPING scroll of butterflies.
   745 | D:1      | 745 ||| DROPPING potion of magic.
   956 | D:2      | Reached XP level 3. HP: 18/18 MP: 4/4
  1281 | D:2      | 1281 ||| READING scroll labelled CIOSEYRROG.
  1281 | D:2      | 1281 ||| IDENTIFYING cyan potion
  1394 | D:3      | Noticed a black bear
  1406 | D:3      | HP: 2/18 [black bear (5)]
  1407 | D:3      | Slain by a black bear

Levels and vault maps discovered:
D:1:      beargit_arrival_greenhouse, layout_basic, minmay_heptomino_w4
D:2:      layout_basic
D:3:      layout_loops_corners, shapermc_ecumenical_altar_gd, serial_shops,
          shop, st_stairs_10, chequers_serial_rivers_large_b, uniq_jessica,
          uniq_robin

Skill      XL: |  1  2 |
---------------+-------+-----
Dodging        | 3 4 |  4.0
Fighting       | |  1.5
Ranged Weapons | |  4.6
Stealth        | |  1.5

Action                     || total
---------------------------++-------
   Fire: Shortbow          ||    92
    Use: Scroll            ||     4
         Potion            ||     1
 Armour: Robe              ||    12
  Dodge: Dodged            ||    35

Table legend:
 A = Non-vault XP
 B = Vault XP
 C = Vault XP percentage of total XP
 D = Non-vault monster count
 E = Vault monster count
 F = Vault count percentage of total count
                 A         B        C        D         E       F
            +---------+---------+-------+---------+---------+-------
      Total |      50 |       7 |  12.3 |      32 |       5 |  13.5
            +---------+---------+-------+---------+---------+-------
        D:1 |      23 |       5 |  17.9 |      13 |       4 |  23.5
        D:2 |      25 |       0 |   0.0 |      17 |       0 |   0.0
        D:3 |       2 |       2 |  50.0 |       2 |       1 |  33.3
            +---------+---------+-------+---------+---------+-------
